 Dungeon Crawl Stone Soup version 0.31-a0-496-g6f97920a28 (webtiles) character file.

Game seed: 10101524347765452706

1139 AstroCodex24 the Chopper (level 7, -8/59 HPs)
             Began as a Demigod Fighter on Aug 9, 2023.
             Mangled by a two-headed ogre
             ... wielding a +0 giant club
              (24 damage)
             ... on level 6 of the Dungeon.
             The game lasted 00:34:08 (5636 turns).

AstroCodex24 the Chopper (Demigod Fighter)          Turns: 5636, Time: 00:34:09

Health: -8/59      AC: 20    Str: 25    XL:     7   Next: 91%
Magic:  9/9        EV:  9    Int: 10    God:
Gold:   1564       SH:  5    Dex: 13    Spells: 6/6 levels left

rFire   . . .        w - +7 war axe (freeze)
rCold   . . .        c - +0 buckler
rNeg    . . .        m - +4 chain mail
rPois   .            n - +2 hat
rElec   .            (no cloak)
rCorr   .            (no gloves)
SInv    .            h - +3 pair of seven-league boots {Rampage+∞}
Will    +....        t - amulet of regeneration Stlth
                     p - ring of flight
HPRegen 1.09/turn    q - ring of willpower
MPRegen 0.11/turn

%: rampage+∞
@: about to teleport, flying
A: high MP 1, forlorn, divine attributes
a: no special abilities


You were on level 6 of the Dungeon.
You visited 1 branch of the dungeon, and saw 6 of its levels.

You collected 1564 gold pieces.

Inventory:

Hand Weapons
 w - a +7 war axe of freezing (weapon)
Armour
 c - a +0 buckler (worn)
 h - the +3 pair of seven-league boots (worn) {Rampage+∞}
   (You found it on level 2 of the Dungeon)

   Rampage+∞: When moving toward enemies, its wearer moves as far as possible,
   alerting their target en route.
 m - a +4 chain mail (worn)
 n - a +2 hat (worn)
 r - a +0 plate armour
Jewellery
 p - a ring of flight (left hand)
 q - a ring of willpower (right hand)
 t - an amulet of regeneration (around neck)
Wands
 b - a wand of light (8)
 v - a wand of roots (5)
Scrolls
 e - a scroll of vulnerability
 f - 2 scrolls of poison
 j - 3 scrolls of noise
 l - 2 scrolls of teleportation
 s - 2 scrolls of immolation
 u - a scroll of fog {unknown}
Potions
 a - a potion of resistance {unknown}
 d - a potion of might
 g - 3 potions of degeneration
 i - 2 potions of enlightenment
 o - a potion of heal wounds {unknown}


   Skills:
 + Level 4.0 Fighting
 + Level 6.6 Axes
 + Level 5.2 Armour
 + Level 1.2 Dodging
 + Level 0.4 Stealth
 + Level 3.4 Shields
 + Level 0.1 Evocations


You had 6 spell levels left.
You didn't know any spells.
Your spell library contained the following spells:

 Spells                   Type           Power      Damage    Failure   Level
 Apportation              Tloc           0%         N/A       92%         1
 Necrotise                Necr           0%         1d4       92%         1
 Shock                    Conj/Air       0%         1d3       92%         1
 Summon Small Mammal      Summ           0%         N/A       92%         1
 Blink                    Tloc           0%         N/A       98%         2
 Lesser Beckoning         Tloc           0%         N/A       98%         2
 Momentum Strike          Conj/Tloc      0%         3d8       98%         2
 Sublimation of Blood     Necr           0%         N/A       98%         2
 Wereblood                Tmut           0%         N/A       98%         2
 Hailstorm                Conj/Ice       0%         3d3       100%        3
 Swiftness                Air            0%         N/A       100%        3
 Airstrike                Air            0%         2d(0-16)  100%        4
 Summon Ice Beast         Ice/Summ       0%         N/A       100%        4
 Simulacrum               Ice/Necr       0%         N/A       100%        6
 Summon Hydra             Summ           0%         N/A       100%        7


Dungeon Overview and Level Annotations

Branches:
Dungeon (6/15)             Temple (0/1) D:6

Portals:
Sewer: D:6

Annotations:
D:5 2 transporters, MisterAzrael's ghost, novice MfSu


Innate Abilities, Weirdness & Mutations

You have an increased reservoir of magic. (+10% MP)
You shall have no god before yourself.
Your divine heritage dramatically boosts your attributes as you level up.


Message History

Found a staircase to the Ecumenical Temple.
Found 10 gold pieces.
You pick up a book of the Tundra and begin reading...
You add the spells Hailstorm, Summon Ice Beast and Simulacrum to your library.
There is a staircase to the Ecumenical Temple here.
You now have 1564 gold pieces (gained 10).
Found a mace.
You hear the quick rusting of a very distant drain.
There is a shaft here.
Found a book of Cantrips.
You pick up a book of Cantrips and begin reading...
You add the spells Necrotise, Summon Small Mammal and Apportation to your library.
Found a puce potion.
You hear the quick rusting of a drain nearby.
Found a potion of degeneration.
a - a puce potion
g - 3 potions of degeneration (gained 1)
A two-headed ogre comes into view. It is wielding two +0 giant clubs.
The two-headed ogre shouts in stereo!
The two-headed ogre moves out of view.
You block the two-headed ogre's attack. The two-headed ogre barely misses you.
You slice the two-headed ogre!! You freeze the two-headed ogre.
The two-headed ogre is moderately wounded.
The two-headed ogre hits you with a +0 giant club!!
The two-headed ogre barely misses you.
You slash the two-headed ogre! You freeze the two-headed ogre.
The two-headed ogre is severely wounded.
The two-headed ogre hits you with a +0 giant club! x2
* * * LOW HITPOINT WARNING * * *
Aiming: Fastroot
Press: ? - help, Q - select action, (/) - cycle Shift-Dir - straight line The roots erupt in riotous growth!
Roots grab the two-headed ogre.
The grasping roots constrict the two-headed ogre.
As you read the scroll of teleportation, it crumbles to dust.
You feel strangely unstable.
The grasping roots constrict the two-headed ogre.
The roots release their grip on the two-headed ogre.
The two-headed ogre hits you with a +0 giant club!!
You die...

#.##..#####...#...#####...# ..###
#.##..#...#...#...#...#...# ..#..
†.##.#.....#.###.#.....#.###.#...
.....##...###...###...###...###..
...#.#.###.#.....#.###.#.....#)##
...##.. #...#...#...#...#...#...#
..###...#...#####...#...#####...#
....#...#...#..O#...#...#...#...#
....[#. ##.#....@#.###.#.....#.##
..##### .###...###...###...###..
..# ...#(###.#.....#.###.#... ..#
..#.. #...#...#...#...#.. ..# .
#####.. #...#####^..#...### #.#
..#...#.. #...#...#...#...#.. #.#
#.... #.###.#.....#.###.#...
#.##.## ..###...###...###...###..
.....#. ##.#.....#.###.#.....#.##


You could see a two-headed ogre.

Vanquished Creatures
  A water moccasin (D:5)
  An ice beast (D:5)
  A phantom (D:5)
  4 scorpions (D:5)
  A howler monkey (D:6)
  3 hounds
  A jelly (D:4)
  2 orc priests (D:5)
  Jessica (D:2)
  Terence (D:2)
  3 orc wizards (D:5)
  An iguana (D:6)
  4 gnolls (D:3)
  12 adders
  A river rat (D:6)
  5 worms
  12 orcs
  5 ball pythons
  7 bats
  10 endoplasms
  4 giant cockroaches
  4 goblins
  10 hobgoblins
  4 jackals
  5 kobolds
  6 quokkas
  A frilled lizard (D:2)
  9 rats
119 creatures vanquished.

Notes
Turn   | Place    | Note
-------+----------+-------------------------------------------
     0 | D:1      | AstroCodex24 the Demigod Fighter began the quest for the
                  | Orb.
     0 | D:1      | Reached XP level 1. HP: 18/18 MP: 3/3
   128 | D:2      | Reached XP level 2. HP: 22/25 MP: 4/4
   130 | D:2      | Found the +3 pair of seven-league boots {Rampage+∞}
   256 | D:1      | Reached skill level 2 in Axes
  1020 | D:2      | Noticed Jessica
  1022 | D:2      | Reached XP level 3. HP: 26/30 MP: 5/5
  1027 | D:2      | Killed Jessica
  1028 | D:2      | Reached skill level 3 in Axes
  1104 | D:2      | Reached XP level 4. HP: 31/38 MP: 6/6
  1271 | D:2      | Noticed Terence
  1282 | D:2      | Killed Terence
  1918 | D:3      | You fall into a shaft and drop 2 floors!
  1918 | D:5      | Entered Level 5 of the Dungeon
  1958 | D:5      | Reached XP level 5. HP: 41/45 MP: 7/7
  1970 | D:4      | Reached skill level 4 in Axes
  2178 | D:3      | Identified a scroll of acquirement
  2179 | D:3      | Acquired 1252 gold pieces
  2396 | D:3      | Reached XP level 6. HP: 51/51 MP: 8/8
  3676 | D:5      | Noticed a water moccasin
  3686 | D:5      | Killed a water moccasin
  3687 | D:5      | Reached skill level 1 in Dodging
  3728 | D:5      | Reached skill level 5 in Axes
  3840 | D:5      | Reached XP level 7. HP: 57/57 MP: 9/9
  4360 | D:5      | Found a transporter.
  4364 | D:5      | Noticed MisterAzrael's ghost (novice MfSu)
  4365 | D:5      | Found a transporter.
  4828 | D:5      | Reached skill level 6 in Axes
  4828 | D:5      | Reached skill level 5 in Armour
  5332 | D:6      | Found a glowing drain.
  5369 | D:6      | Acquired a +6 war axe of freezing
  5495 | D:6      | Found a staircase to the Ecumenical Temple.
  5631 | D:6      | Noticed a two-headed ogre
  5636 | D:6      | Mangled by a two-headed ogre

Illustrated notes

Levels and vault maps discovered:
D:1:      dpeg_arrival_simpleton_c, layout_basic, ebering_ecumenical_altar_ruins
D:2:      layout_loops_ring, serial_aquarium, aquarium_bridge_square
          [aquarium_subvault_wall, aquarium_subvault_wall,
          aquarium_subvault_bridge, aquarium_subvault_wall], aquarium_window_2,
          aquarium_window_corner, aquarium_view_2a,
          chequers_serial_rivers_marsh, uniq_terence, uniq_jessica
D:3:      layout_basic, nicolae_vehumet_altar_sigil, minmay_strange_pillars,
          minmay_randomly_rotated_circles
D:4:      layout_gridville
D:5:      layout_loops_corners, gammafunk_ghost_smash
D:6:      nicolae_cairo_tiling, layout_rooms, portal_sewer_entry_b, st_stairs_14

Skill      XL: |  1  2  3  4  5  6  7 |
---------------+----------------------+-----
Shields        | 3 |  3.4
Armour         | 3 4 5 |  5.2
Axes           | 2 3 4 5 6 |  6.6
Fighting       | 3 4 |  4.0
Dodging        | 1 |  1.2
Stealth        | |  0.4
Evocations     | |  0.1

Action                     |  1- 3 |  4- 6 |  7- 9 || total
---------------------------+-------+-------+-------++-------
  Melee: War axe           |    85 |   194 |    75 ||   354
  Evoke: Wand              |       |     1 |     1 ||     2
    Use: Scroll            |       |    14 |     5 ||    19
         Potion            |       |     2 |       ||     2
 Armour: Scale mail        |    65 |    12 |       ||    77
         Chain mail        |       |   121 |    43 ||   164
  Dodge: Dodged            |    43 |    81 |    33 ||   157
  Block: Buckler           |    18 |    45 |    20 ||    83

Table legend: (Time is in decaauts)
 A = Elapsed time spent in this place.
 B = Non-inter-level travel time spent in this place.
 C = Inter-level travel time spent in this place.
 D = Time resting spent in this place.
 E = Time spent auto-exploring this place.
 F = Levels seen in this place.
 G = Mean time per level.
                   A        B        C        D        E       F      G
               +--------+--------+--------+--------+--------+-----+--------+
         Total |   5762 |   4997 |    765 |      0 |      0 |   6 |  960.3 |
       Dungeon |   5762 |   4997 |    765 |      0 |      0 |   6 |  960.3 |
               +--------+--------+--------+--------+--------+-----+--------+

Top non-repeatable levels by time:
     D:5: 1292 daAuts
     D:2: 1124 daAuts
     D:4: 1018 daAuts
     D:3: 912 daAuts
     D:1: 912 daAuts
     D:6: 500 daAuts
